 Dungeon Crawl Stone Soup version 0.30-a0-358-g0d69a1922f (webtiles) character file.

Game seed: 7426782939072770784

695 Asagix the Covered (level 7, -2/82 HPs)
             Began as a Demonspawn Berserker on Nov 9, 2022.
             Was a Priest of Trog.
             Slain by a yak (6 damage)
             ... on level 5 of the Dungeon on Nov 10, 2022.
             The game lasted 00:11:27 (5126 turns).

Asagix the Covered (Demonspawn Berserker)           Turns: 5126, Time: 00:11:27

Health: -2/82      AC: 10    Str: 25    XL:     7   Next: 37%
Magic:  7/7        EV:  5    Int:  9    God:    Trog [***...]
Gold:   167        SH: 11    Dex: 12    Spells: 6/6 levels left

rFire   . . .      SeeInvis .    C - +3 short sword
rCold   . . .      Faith    .    o - +0 tower shield
rNeg    . . .      Spirit   .    m - +0 chain mail
rPois   .          Reflect  .    (helmet restricted)
rElec   .          Harm     +    D - scarf {harm}
rCorr   .          Rampage  .    (no gloves)
Will    .....                    G - +0 pair of boots
Stlth   ..........               (no amulet)
HPRegen 0.33/turn                l - +6 ring of strength
MPRegen 0.10/turn                I - ring of flight

@: berserking (expiring), flying, very quick
A: horns 1, ignite blood 2, powered by pain 1
a: Renounce Religion, Berserk, Trog's Hand


You were on level 5 of the Dungeon.
You worshipped Trog.
Trog was most pleased with you.
You visited 1 branch of the dungeon, and saw 5 of its levels.

You collected 167 gold pieces.

Inventory:

Hand Weapons
 h - a +0 short sword
 C - a +3 short sword (weapon)
 E - a +3 spear
Missiles
 F - a throwing net (quivered)
Armour
 a - a +0 animal skin
 j - a +0 buckler
 k - a +0 cloak
 m - a +0 chain mail (worn)
 o - a +0 tower shield (worn)
 D - a scarf of harm (worn)
 G - a +0 pair of boots (worn)
Jewellery
 l - a +6 ring of strength (left hand)
 I - a ring of flight (right hand)
 J - a ring of ice
Wands
 y - a wand of digging (7)
 A - a wand of flame (22)
Scrolls
 b - 2 scrolls of poison
 d - a scroll of vulnerability
 g - 4 scrolls of identify
 n - a scroll of butterflies {unknown}
 q - 4 scrolls of enchant weapon {unknown}
 r - 3 scrolls of teleportation {unknown}
 u - a scroll of blinking {unknown}
 w - 3 scrolls of magic mapping {unknown}
Potions
 c - 2 potions of magic {unknown}
 e - 2 potions of heal wounds {unknown}
 f - a potion of lignification {unknown}
 i - a potion of haste {unknown}
 p - 2 potions of degeneration {unknown}
 s - a potion of might {unknown}
 t - 2 potions of brilliance {unknown}
 v - a potion of attraction {unknown}
 x - a potion of berserk rage {unknown}
 z - a potion of curing {unknown}
 B - a potion of invisibility {unknown}
 H - a potion of mutation {unknown}


   Skills:
 * Level 4.5 Fighting
 + Level 2.8 Short Blades
 * Level 4.7 Armour
 + Level 2.5 Dodging
 + Level 2.5 Shields
 + Level 3.3 Unarmed Combat


You had 6 spell levels left.
You didn't know any spells.
Your spell library contained the following spells:

 Spells                   Type           Power      Damage    Failure   Level
 Sublimation of Blood     Necr           0%         N/A       100%        2
 Petrify                  Tmut/Erth      0%         N/A       100%        4
 Irradiate                Conj/Tmut      0%         3d11      100%        5
 Iskenderun's Battlesphe  Conj           0%         2d6       100%        5
 Iron Shot                Conj/Erth      0%         9d1       100%        6
 Spellforged Servitor     Conj/Summ      0%         N/A       100%        7


Dungeon Overview and Level Annotations

Branches:
Dungeon (5/15)             Temple (0/1) D:4

Altars:
Makhleb
Nemelex Xobeh
Wu Jian


Innate Abilities, Weirdness & Mutations

You have a pair of small horns on your head.
Your demonic aura often causes spilled blood to erupt in flames.
You sometimes gain a little power by taking damage.


Message History

The yak is moderately wounded.
The yak gores you!
You hear a bellow!
You hit the yak but do no damage.
The yak is moderately wounded.
The yak gores you!
* * * LOW HITPOINT WARNING * * *
You hit the yak. You headbutt the yak, but do no damage.
The yak is moderately wounded.
You block the yak's attack.
A red film seems to cover your vision as you go berserk!
You feel yourself moving faster!
You feel mighty! The yak gores you!
* * * LOW HITPOINT WARNING * * *
A yak comes into view.
You hit the yak. You headbutt the yak!
The yak is severely wounded.
The yak gores you.
* * * LOW HITPOINT WARNING * * *
You puncture the yak! You headbutt the yak.
You kill the yak!
Trog accepts your kill.
You have reached level 7!
You are too berserk!
The yak gores you.
* * * LOW HITPOINT WARNING * * *
You block the ogre's attack.
You see here a yak corpse.
You puncture the ogre!
The ogre is almost dead.
You puncture the ogre!
You kill the ogre!
Trog accepts your kill. You block the yak's attack.
You barely miss the yak. You headbutt the yak!
The yak is moderately wounded.
The yak barely misses you.
You barely miss the yak.
The yak is moderately wounded.
The yak gores you.
You die...

#.. #.# ####.. #.#
#..... ####.##
#..... .....
#..... #.###....
#...>< #......Y#
#..... #...Y○#
###### #@# # # #.#
# #.###.##
#......#P## #
####....PP#
#..#####.#...#P.#
#
#.#.....###.#P.#.#
# ..........######
# # ..##...##.#


You could see 2 yaks.

Vanquished Creatures
  A yak (D:5)
  An ogre (D:5)
  A phantom (D:4)
  A hound (D:5)
  A jelly (D:5)
  An orc priest (D:4)
  2 orc wizards (D:3)
  4 gnolls (D:4)
  13 adders
  A shadow imp (D:5)
  A worm (D:3)
  2 dart slugs
  7 orcs
  10 ball pythons
  4 endoplasms
  4 giant cockroaches
  10 goblins
  7 hobgoblins
  2 jackals (D:4)
  7 kobolds
  6 quokkas
  3 bats
  2 frilled lizards
  A rat (D:3)
92 creatures vanquished.

Notes
Turn   | Place    | Note
-------+----------+-------------------------------------------
     0 | D:1      | Asagix the Demonspawn Berserker began the quest for the
                  | Orb.
     0 | D:1      | Reached XP level 1. HP: 18/18 MP: 1/1
   569 | D:1      | Gained mutation: You sometimes gain a little power by
                  | taking damage. [demonic ancestry]
   569 | D:1      | Reached XP level 2. HP: 12/24 MP: 2/2
  1421 | D:2      | Gained mutation: Your demonic aura sometimes causes spilled
                  | blood to erupt in flames. [demonic ancestry]
  1421 | D:2      | Reached XP level 3. HP: 14/29 MP: 3/3
  1583 | D:2      | Found a sparkling altar of Nemelex Xobeh.
  1874 | D:2      | Reached skill level 1 in Short Blades
  1893 | D:2      | Gained mutation: Your demonic aura often causes spilled
                  | blood to erupt in flames. [demonic ancestry]
  1893 | D:2      | Reached XP level 4. HP: 26/36 MP: 4/4
  1955 | D:2      | Reached ** piety under Trog
  2779 | D:3      | Reached skill level 1 in Shields
  2838 | D:3      | Reached XP level 5. HP: 41/42 MP: 5/5
  4023 | D:4      | Found a burning altar of Makhleb.
  4061 | D:4      | Found an ornate altar of the Wu Jian Council.
  4079 | D:4      | Found a staircase to the Ecumenical Temple.
  4123 | D:4      | Reached *** piety under Trog
  4124 | D:4      | Gained mutation: You have a pair of small horns on your
                  | head. [demonic ancestry]
  4124 | D:4      | Reached XP level 6. HP: 30/48 MP: 6/6
  4860 | D:5      | Entered Level 5 of the Dungeon
  5111 | D:5      | Noticed a yak
  5114 | D:5      | Noticed a yak
  5119 | D:5      | Noticed a yak
  5121 | D:5      | Killed a yak
  5122 | D:5      | Reached XP level 7. HP: 10/55 MP: 7/7
  5122 | D:5      | HP: 3/82 [yak (7)]
  5126 | D:5      | Slain by a yak

Illustrated notes

Levels and vault maps discovered:
D:1:      evilmike_arrival_fibonacci_small, layout_basic
D:2:      layout_basic, basic_altar, minmay_snake_closets, uniq_natasha,
          uniq_terence, uniq_jessica
D:3:      layout_loops_corners
D:4:      layout_gridville, mainiacjoe_overflow_catch_the_wave, temple_pool_b
D:5:      layout_loops_ring, nicolae_gozag_cash_rules_everything_around_me,
          serial_shops, nicolae_diamond_shop, uniq_crazy_yiuf_cottage

Skill      XL: |  1  2  3  4  5  6 |
---------------+-------------------+-----
Unarmed Combat | 3 |  3.3
Armour         | 2 3 4 |  4.7
Dodging        | 2 |  2.5
Short Blades   | 1 2 |  2.8
Shields        | 1 2 |  2.5
Fighting       | 4 |  4.5

Action                   |  1- 3 |  4- 6 |  7- 9 || total
-------------------------+-------+-------+-------++-------
Melee: Unarmed           |    18 |       |       ||    18
       Short sword       |   138 |   289 |     4 ||   431
       Punch             |     1 |       |       ||     1
       Headbutt          |       |    11 |     1 ||    12
Invok: Berserk           |     2 |     3 |       ||     5
  Use: Scroll            |       |     2 |       ||     2
Armor: Animal skin       |    16 |       |       ||    16
       Chain mail        |    59 |   158 |       ||   217
Dodge: Dodged            |    63 |    49 |     1 ||   113
Block: Buckler           |     6 |       |       ||     6
       Tower shield      |    44 |   193 |     2 ||   239

Table legend: (Time is in decaauts)
 A = Elapsed time spent in this place.
 B = Non-inter-level travel time spent in this place.
 C = Inter-level travel time spent in this place.
 D = Time resting spent in this place.
 E = Time spent auto-exploring this place.
 F = Levels seen in this place.
 G = Mean time per level.
                   A        B        C        D        E       F      G
               +--------+--------+--------+--------+--------+-----+--------+
         Total |   5285 |   5152 |    133 |   1541 |   2478 |   5 | 1057.0 |
       Dungeon |   5285 |   5152 |    133 |   1541 |   2478 |   5 | 1057.0 |
               +--------+--------+--------+--------+--------+-----+--------+

Top non-repeatable levels by time:
     D:3: 1563 daAuts
     D:2: 1368 daAuts
     D:1: 1095 daAuts
     D:4: 976 daAuts
     D:5: 283 daAuts
